 Dungeon Crawl Stone Soup version 0.30-a0-177-g1cb5dbfd7a (webtiles) character file.

Game seed: 8103754169686426311

134293 Sobieck the Imperceptible (level 17, -10/99 HPs)
             Began as a Kobold Brigand on Oct 2, 2022.
             Was a Follower of Uskayaw.
             Killed from afar by Aizul (37 damage)
             ... with a bolt of poison
             ... on level 4 of the Snake Pit.
             The game lasted 01:08:52 (29786 turns).

Sobieck the Imperceptible (Kobold Brigand)         Turns: 29786, Time: 01:08:53

Health: -10/99     AC: 19    Str:  8    XL:     17   Next: 74%
Magic:  25/30      EV:  3    Int: 14    God:    Uskayaw [*.....]
Gold:   918        SH:  0    Dex: 35    Spells: 16/16 levels left

rFire   . . .      SeeInvis +    a - +4 rapier (flame) {short}
rCold   . . .      Faith    +    j - +3 buckler
rNeg    . . .      Spirit   .    C - +1 ring mail "Heipneax" {Rampage Stlth+}
rPois   .          Reflect  .    M - +2 helmet {SInv}
rElec   .          Harm     .    c - +2 cloak
rCorr   .          Rampage  +    l - +2 pair of gloves
Will    +....                    V - +2 pair of boots Stlth *+++++++++
                                 Q - amulet of faith {!P}
HPRegen 0.36/turn                Z - +6 ring of dexterity
MPRegen 0.22/turn                S - +6 ring of dexterity

@: lethally poisoned (-10 -> -25), sleeping
A: small, no large weapons, nightstalker 3
a: Renounce Religion, Stomp


You were on level 4 of the Snake Pit.
You worshipped Uskayaw.
Uskayaw was most pleased with you.
You visited 5 branches of the dungeon, and saw 27 of its levels.
You also visited: Gauntlet.

You collected 3305 gold pieces.
You spent 2387 gold pieces at shops.


Innate Abilities, Weirdness & Mutations

You are small and have problems with some larger weapons.
You are completely attuned to the shadows.


   Skills:
 + Level 8.4 Fighting
 - Level 14.0 Short Blades
 - Level 2.1 Throwing
 - Level 4.0 Armour
 + Level 21.2 Dodging
 - Level 23.0 Stealth
 - Level 4.0 Shields
 - Level 19.0 Invocations


You had 16 spell levels left.
You didn't know any spells.
Your spell library contained the following spells:

 Spells                   Type           Power      Damage    Failure   Level
 Beastly Appendage        Tmut           0%         N/A       77%         1
 Summon Small Mammal      Summ           0%         N/A       77%         1
 Blink                    Tloc           0%         N/A       88%         2
 Passwall                 Tmut/Erth      0%         N/A       88%         2
 Call Canine Familiar     Summ           0%         N/A       98%         3
 Gell's Gravitas          Tloc           0%         N/A       98%         3
 Hailstorm                Conj/Ice       0%         3d3       98%         3
 Ignite Poison            Fire/Tmut/Pois 0%         N/A       98%         3
 Kindle Blastsparks       Fire/Tloc/Air  0%         2d10      98%         3
 Lesser Beckoning         Tloc           0%         N/A       98%         3
 Mephitic Cloud           Conj/Pois/Air  0%         N/A       98%         3
 Ozocubu's Armour         Ice            0%         N/A       98%         3
 Stone Arrow              Conj/Erth      0%         3d7       98%         3
 Summon Guardian Golem    Hex/Summ       0%         N/A       98%         3
 Teleport Other           Tloc           0%         N/A       98%         3
 Animate Armour           Summ/Erth      0%         N/A       100%        4
 Dispel Undead            Necr           0%         3d6       100%        4
 Fulminant Prism          Conj/Hex       0%         3d6       100%        4
 Iskenderun's Mystic Bla  Conj/Tloc      0%         2d3       100%        4
 Leda's Liquefaction      Hex/Erth       0%         N/A       100%        4
 Manifold Assault         Tloc           0%         N/A       100%        4
 Sticky Flame             Conj/Fire      0%         2d3       100%        4
 Summon Ice Beast         Ice/Summ       0%         N/A       100%        4
 Freezing Cloud           Conj/Ice/Air   0%         6-21      100%        5
 Lee's Rapid Deconstruct  Erth           0%         3d5*      100%        5
 Metabolic Englaciation   Hex/Ice        0%         N/A       100%        5
 Summon Mana Viper        Hex/Summ       0%         N/A       100%        5
 Dispersal                Tloc           0%         N/A       100%        6
 Simulacrum               Ice/Necr       0%         N/A       100%        6
 Statue Form              Tmut/Erth      0%         N/A       100%        6
 Monstrous Menagerie      Summ           0%         N/A       100%        7
 Storm Form               Tmut/Air       0%         N/A       100%        7
 Disjunction              Tloc           0%         N/A       100%        8
 Ignition                 Fire           0%         3d3       100%        8
 Infestation              Necr           0%         N/A       100%        8
 Lehudib's Crystal Spear  Conj/Erth      0%         10d2      100%        8

Inventory:

Hand Weapons
 a - a +4 rapier of flaming (weapon) {short}
   (You found it on level 4 of the Dungeon)
 P - the +7 scimitar of Indignation {flame, *Corrode rElec rN+, long}
   (You bought it in a shop on level 4 of the Dungeon)

   It burns those it strikes, dealing additional fire damage.
   Big, fiery blades are also staple armaments of hydra-hunters.
   rElec:     It insulates you from electricity.
   rN:        It protects you from negative energy.
   *Corrode:  It may corrode you when you take damage.
Missiles
 d - 52 poisoned darts (quivered) {throwing}
 e - 4 curare-tipped darts {=fthrowing}
 p - 7 atropa-tipped darts {throwing}
 Y - 21 boomerangs {throwing}
Armour
 c - a +2 cloak (worn)
 j - a +3 buckler (worn)
   (You found it on level 4 of the Dungeon)
 l - a +2 pair of gloves (worn)
   (You found it on level 4 of the Dungeon)
 C - the +1 ring mail "Heipneax" (worn) {Rampage Stlth+}
   (You found it on level 2 of the Dungeon)

   Rampage:   It bestows one free step when moving towards enemies.
   Stlth:     It makes you more stealthy.
 M - a +2 helmet of see invisible (worn)
   (You found it on level 6 of the Dungeon)
 V - a +2 pair of boots (worn)
   (You found it on level 10 of the Dungeon)
Magical Staves
 b - a staff of air {!astaff}
   (You found it on level 15 of the Dungeon)
Jewellery
 w - a ring of wizardry
   (You found it on level 1 of the Lair of Beasts)
 I - a ring of resist corrosion
   (You found it on level 7 of the Dungeon)
 N - a ring of fire
   (You found it on level 9 of the Dungeon)
 Q - an amulet of faith (around neck) {!P}
   (You found it on level 5 of the Dungeon)
 S - a +6 ring of dexterity (right hand)
   (You found it on level 10 of the Dungeon)
 U - a ring of flight
   (You found it on level 14 of the Dungeon)
 Z - a +6 ring of dexterity (left hand)
   (You bought it in a shop on level 4 of the Dungeon)
Wands
 i - a wand of paralysis (13)
   (You found it on level 4 of the Dungeon)
 k - a wand of roots (7)
   (You found it on level 3 of the Lair of Beasts)
 m - a wand of mindburst (15)
   (You found it on level 8 of the Dungeon)
 y - a wand of digging (3)
   (You found it on level 7 of the Dungeon)
 H - a wand of flame (61)
   (You found it on level 3 of the Dungeon)
 O - a wand of polymorph (11)
   (You found it on level 4 of the Dungeon)
 T - a wand of light (6)
   (You found it on level 15 of the Dungeon)
Scrolls
 g - a scroll of vulnerability {!r!r}
 h - 2 scrolls of torment {!r}
 o - 11 scrolls of identify {@r1}
 x - 3 scrolls of teleportation {@r4}
 B - 2 scrolls of poison {!r}
 F - 2 scrolls of silence {!r}
 R - 5 scrolls of fog
 X - a scroll of magic mapping {!r}
Potions
 f - 7 potions of brilliance
 n - a potion of resistance
 q - 11 potions of curing {@q1}
 r - 7 potions of cancellation
 s - 13 potions of lignification {!q}
 t - 6 potions of mutation {!q}
 u - 5 potions of attraction {!q}
 v - 3 potions of berserk rage {!q}
 A - 2 potions of might
 G - 4 potions of magic
 J - a potion of invisibility
 K - 3 potions of ambrosia
 L - 2 potions of flight
 W - 3 potions of haste {@q3}
Miscellaneous
 z - a condenser vane
   (You found it on level 12 of the Dungeon)

Dungeon Overview and Level Annotations

Branches:
Dungeon (15/15) Zot: 25108  Temple (1/1) D:6 Zot: 5968    Lair (5/5) D:9 Zot: 23134
 Shoals (0/4) Lair:2        Snake (4/4) Lair:3 Zot: 19706   Slime (0/5) Lair:4
    Orc (2/2) D:11 Zot: 9721     Elf (0/3) Orc:2        Vaults (0/5) D:14
 Depths (0/4) D:15        Gauntlet (visited)

Altars:
Ashenzari
Hepliaklqana
Kikubaaqudgha
Makhleb
Nemelex Xobeh
Okawaru
Qazlal
Ru
Uskayaw
Vehumet
Xom
Yredelemnul
Zin
The Shining One
Jiyva

Shops:
D:4 *(=([   D:7 :   D:15 =   Orc:2 :?[(   Snake:1 !*

Annotations:
D:14 Roxanne
Temple 2 transporters
Snake:1 2 transporters
Snake:4 4 transporters, Aizul

. #...... ..N.P~P♣ ##
##...... .....~♣
.#####...#####.....)N~♣♣♣♣♣P
.........#.#.#.......~~~P♣~~
.........#...+...N...~~~~~PP
.........#...#...S####~.P.#
.........#'###...##..#P.#.##
.................#.........#
##....#.........@#+....#####
.####.##.........##..#'#.##
...#©..#..##.##..#...#....#
.....©....#..©#..##..#....#
...#..©#....©....#...#...##
...##.##..#©..#..#...#####
####.....###.##..##.^...
.........###.....'......
..........#####..######.


You could see Aizul and a naga mage (fast).


Message History

The plant is engulfed in a cloud of scalding steam.
The naga sharpshooter shoots an arrow.
You block the arrow.
The naga mage gestures wildly while chanting.
The naga mage seems to speed up.
The naga mage constricts the plant.
The salamander mystic hits you with a +0 quarterstaff!
You are engulfed in flames!
You hit the salamander mystic but do no damage.
The naga mage loses its grip on the plant.
The naga sharpshooter shoots an arrow.
You block the arrow.
Unknown command.
You puncture the salamander mystic! Aizul casts a spell at you.
The bolt of poison hits you!!
You are poisoned.
* * * LOW HITPOINT WARNING * * *
The salamander mystic casts a spell at you.
The lance of force misses you.
You hit the salamander mystic but do no damage.
You feel very sick. Aizul casts a spell at you. The bolt of poison hits you!
You are more poisoned.
* * * LOW HITPOINT WARNING * * *
The naga sharpshooter mumbles some strange words.
The naga sharpshooter magically shoots an arrow.
The arrow closely misses you.
You feel much better.
You feel extremely sick.
The salamander mystic casts a spell at the naga sharpshooter.
The naga sharpshooter seems to speed up.
Aizul misses you.
Okay, then.
Unknown command.
You stomp with the beat, sending a shockwave through the revellers around you!
You kill the salamander mystic!
You feel very sick. The naga mage spits poison at you.
The splash of poison misses you. Aizul hits you!
* * * LOW HITPOINT WARNING * * *
The naga sharpshooter shoots an arrow.
You block the arrow.
Unknown command.
Aiming: Line Pass
Press: ? - help, Dir - move target Aizul appears confused.
You feel very sick.
A nearby plant withers and dies. x2
The naga mage points at you and mumbles some strange words.
The bolt of poison hits you!
You are more poisoned.
* * * LOW HITPOINT WARNING * * *
Aizul closely misses you.
The naga sharpshooter spits poison at you.
The splash of poison hits you but does no damage.
You are more poisoned.
The naga mage closely misses you. The naga mage barely misses you.
Unknown command.
* * * LOW HITPOINT WARNING * * *
You feel extremely sick.
The naga sharpshooter gestures wildly while chanting.
The naga sharpshooter magically shoots an arrow.
You block the arrow. The naga mage completely misses you.
You block the naga mage's attack.
The naga sharpshooter shoots an arrow.
The arrow hits you but does no damage.
Unknown command.
You feel much better.
You feel very sick. The naga mage completely misses you.
The naga mage closely misses you.
The naga sharpshooter shoots an arrow.
The arrow hits you.
* * * LOW HITPOINT WARNING * * *
The arrow burns you.
* * * LOW HITPOINT WARNING * * *
The naga mage closely misses you. The naga mage completely misses you.
Aizul completely misses you.
Okay, then.
Unknown command.
Really read
E - a scroll of blinking {!r}? [Y]es or [N]o only, please.
Really read
E - a scroll of blinking {!r}? [Y]es or [N]o only, please.
Really read
E - a scroll of blinking {!r}?
Blink to where?
Press: ? - help, Dir - move target
As you read the scroll of blinking {!r}, it crumbles to dust.
You feel very sick.
Aizul seems less confused.
Unknown command.
You feel very sick. Aizul casts a spell at you. The bolt of poison misses you.
You can no longer pass through a line of other dancers.
You feel very sick.
Unknown command.
You feel better.
Aizul coils herself and waves her upper body at you.
You fall asleep.
Aizul coils herself and waves her upper body at you.
The bolt of poison hits you!!!
You are poisoned.
You die...

Skill      XL: |  1  2  3  4  5  6  7  8  9 10 11 12 13 14 15 16 17 |
---------------+----------------------------------------------------+-----
Short Blades   | 3 4 5 6 8 10 11 13 14 | 14.0
Dodging        | 2 3 4 5 7 9 13 14 15 16 18 19 20 21 | 21.2
Stealth        | 6 7 8 10 11 12 13 15 16 17 20 23 | 23.0
Shields        | 1 2 3 4 |  4.0
Invocations    | 5 7 10 11 14 18 19 | 19.0
Armour         | 2 3 4 |  4.0
Fighting       | 4 8 |  8.4
Throwing       | |  2.1

Action                   |  1- 3 |  4- 6 |  7- 9 | 10-12 | 13-15 | 16-18 || total
-------------------------+-------+-------+-------+-------+-------+-------++-------
Melee: Dagger            |    59 |    45 |       |       |       |       ||   104
       Short sword       |       |   101 |    91 |       |       |       ||   192
       Rapier            |       |       |   104 |   363 |   793 |   463 ||  1723
Invok: Line Pass         |       |       |     3 |     8 |    12 |    18 ||    41
       Stomp             |       |       |       |     3 |     2 |     3 ||     8
       Grand Finale      |       |       |       |       |     1 |     1 ||     2
  Use: Scroll            |       |    12 |    11 |     7 |    12 |     7 ||    49
       Potion            |       |     1 |     3 |     2 |    10 |     6 ||    22
 Stab: Sleeping          |    22 |    19 |    25 |    53 |    98 |    84 ||   301
       Paralysed         |       |       |     5 |    24 |    72 |    42 ||   143
       Confused          |       |       |     2 |     4 |    10 |    15 ||    31
       Distracted        |       |       |     1 |     2 |    14 |    13 ||    30
       Invisible         |       |       |       |       |     2 |       ||     2
Armor: Robe              |    13 |     8 |       |       |       |       ||    21
       Ring mail         |       |    24 |    53 |    35 |    57 |    29 ||   198
Dodge: Dodged            |    26 |    61 |    79 |   180 |   485 |   278 ||  1109
Block: Buckler           |       |     7 |    29 |    64 |   239 |   143 ||   482

Levels and vault maps discovered:
D:1:      wander_arrival_fairy_ring, layout_basic,
          shapermc_ecumenical_altar_rom_forum
D:2:      layout_loops_ring
D:3:      layout_rooms, kennysheep_generic_room_9
D:4:      layout_loops_ring, serial_shops, nicolae_shop_advertising_works
          [nicolae_subvault_shop_adworks], kennysheep_mini, shop,
          nicolae_shop_crystal, kennysheep_little_box, st_stairs_8,
          nicolae_elevator_lobby_asterisk, uniq_pikel, uniq_blork_the_orc
D:5:      layout_loops_cross, mainiacjoe_overflow_brackets
D:6:      layout_basic, minmay_temple_entry_junction, minmay_misc_feat_x
D:7:      layout_basic, worldfamousw_hep_ancestral_shrine,
          ashenzari_conservatory_becter, nicolae_shop_vocational
D:8:      layout_basic, nemelex_altar_shiori
D:9:      layout_loops_cross, nicolae_qazlal_style_of_elements,
          grunt_lair_entry_orc_guard_hut, hangedman_abyss_or_decor_stagger
D:10:     layout_basic, uniq_lodul
D:11:     layout_roguey, orc_0_dummy, nzn_sisyphean_effort
D:12:     layout_cave_pools, special_room [special_room_orc],
          minmay_crystal_water
D:13:     layout_layer_cave, uniq_nessos
D:14:     layout_gridville, david_vaults_2, hangedman_abyss_or_decor_slice,
          uniq_roxanne
D:15:     grunt_enter_depths_hoard, layout_irregular_city,
          hangedman_decor_diamond_cutter, serial_shops,
          nicolae_shop_hallway_plus, dispersion_dpeg
Temple:   hellmonk_temple_divided_pantheon
Lair:1:   layout_cave_pods, gauntlet_entry_generic, uniq_gastronok
Lair:2:   layout_cave_pods, minmay_shoals_entry_hut,
          chequers_serial_rivers_small_3
Lair:3:   layout_cave_pods, guppyfry_snake_entry_garden
Lair:4:   layout_regular_city, slime_entry_1, beast_lair_carwin_5, uniq_rupert
Lair:5:   cheibrodos_lair_end_hotspot, layout_layer_cave
Snake:1:  gammafunk_sealed_arena, layout_grid_maze, minmay_shop_star,
          grunt_megastairs_2, lemuel_fruit_tree
Snake:2:  layout_gridlike, uniq_louise
Snake:3:  layout_cave_town
Snake:4:  hellmonk_snake_rune_quicksilver_temple, layout_cave_town,
          serial_bayou_pond_c, serial_nicolae_subway,
          nicolae_sub_station_crystal, nicolae_sub_station_stone,
          nicolae_sub_station_metal, uniq_vashnia, uniq_aizul
Orc:1:    layout_caves, basic_altar, minmay_orc_keep, uniq_snorg
Orc:2:    grunt_orc_community_town_hall, layout_caves,
          grunt_orc_community_big_house_1, grunt_orc_community_big_house_2,
          grunt_orc_community_house_3, grunt_orc_community_house_2,
          grunt_orc_community_house_1, grunt_orc_community_house_3,
          grunt_orc_community_house_3, grunt_orc_community_house_1,
          minmay_orc_barracks

Notes
Turn   | Place    | Note
-------+----------+-------------------------------------------
     0 | D:1      | Sobieck the Kobold Brigand began the quest for the Orb.
     0 | D:1      | Reached XP level 1. HP: 12/12 MP: 1/1
   211 | D:1      | Reached skill level 3 in Short Blades
   219 | D:1      | Reached XP level 2. HP: 17/17 MP: 2/2
   378 | D:1      | Found a faded altar of an unknown god.
   394 | D:1      | Got Plato's Secrets of Reformation
   407 | D:1      | Reached skill level 2 in Dodging
   467 | D:1      | Reached XP level 3. HP: 21/21 MP: 3/3
  1201 | D:2      | Reached skill level 6 in Stealth
  1201 | D:2      | Reached XP level 4. HP: 26/26 MP: 4/4
  1269 | D:2      | You fall into a shaft and drop 1 floor!
  1470 | D:2      | Identified the +1 ring mail "Heipneax" {Rampage Stlth+}
  1584 | D:2      | Reached skill level 4 in Short Blades
  1687 | D:2      | Reached skill level 3 in Dodging
  2097 | D:3      | Noticed a scorpion
  2100 | D:3      | Killed a scorpion
  2101 | D:3      | Reached XP level 5. HP: 30/30 MP: 5/5
  2153 | D:3      | You add the spells Kindle Blastsparks, Ignite Poison,
                  | Mephitic Cloud and Freezing Cloud to your library.
  2564 | D:4      | Reached XP level 6. HP: 35/35 MP: 6/6
  2613 | D:4      | Reached skill level 5 in Short Blades
  2613 | D:4      | Reached skill level 4 in Dodging
  2613 | D:4      | Reached skill level 7 in Stealth
  2638 | D:4      | Noticed Blork the orc
  2640 | D:4      | Killed Blork the orc
  2683 | D:4      | Reached skill level 1 in Shields
  2723 | D:4      | Noticed Pikel
  2852 | D:4      | Found Tennorism's Weapon Shoppe.
  2916 | D:4      | Found Dyli's Armour Shop.
  2993 | D:4      | Reached XP level 7. HP: 36/40 MP: 7/7
  3015 | D:4      | Found Tedudaju's General Store.
  3030 | D:4      | Bought a scroll of enchant armour for 75 gold pieces
  3030 | D:4      | Bought 2 potions of might for 80 gold pieces
  3129 | D:4      | Found Moweil's Antique Weapon Emporium.
  3154 | D:4      | You add the spells Sticky Flame and Ignition to your
                  | library.
  3258 | D:4      | Found Pauthouqo's Jewellery Shoppe.
  3518 | D:5      | Entered Level 5 of the Dungeon
  3592 | D:5      | Found an ancient bone altar of Kikubaaqudgha.
  3624 | D:5      | Reached skill level 6 in Short Blades
  3624 | D:5      | Reached skill level 5 in Dodging
  3644 | D:5      | Reached skill level 8 in Stealth
  3716 | D:5      | Reached skill level 2 in Shields
  3998 | D:5      | Reached XP level 8. HP: 38/44 MP: 8/8
  4232 | D:5      | You add the spells Hailstorm, Fulminant Prism and Lehudib's
                  | Crystal Spear to your library.
  4232 | D:5      | Got Zaziomem's Directory of Conflict and the Figure
  4405 | D:6      | Reached skill level 7 in Short Blades
  4405 | D:6      | Reached skill level 6 in Dodging
  4405 | D:6      | Reached skill level 9 in Stealth
  4614 | D:6      | Found a staircase to the Ecumenical Temple.
  4620 | Temple   | Entered the Ecumenical Temple
  4623 | Temple   | Found a transporter.
  4623 | Temple   | Found a transporter.
  4625 | Temple   | Found a transporter.
  4625 | Temple   | Found a transporter.
  4634 | Temple   | Became a worshipper of Uskayaw the Reveller
  4663 | D:6      | Reached * piety under Uskayaw
  4665 | D:6      | HP: 10/44 [steam dragon] (9)]
  4668 | D:6      | Reached ** piety under Uskayaw
  4670 | D:6      | HP: 9/44 [steam dragon/ball of steam (3)]
  5355 | D:7      | Reached skill level 8 in Short Blades
  5355 | D:7      | Reached skill level 7 in Dodging
  5355 | D:7      | Reached skill level 10 in Stealth
  5355 | D:7      | Reached XP level 9. HP: 48/48 MP: 9/9
  5683 | D:7      | Found Taajiv's Vocational Training.
  5723 | D:7      | Found a broken altar of Ashenzari.
  5814 | D:7      | You pick up a book of Displacement and begin reading...
  5814 | D:7      | You add the spells Lesser Beckoning, Gell's Gravitas and
                  | Teleport Other to your library.
  6010 | D:7      | Found a hazy altar of Hepliaklqana.
  6056 | D:7      | Reached *** piety under Uskayaw
  6058 | D:7      | Reached skill level 9 in Short Blades
  6214 | D:8      | Reached skill level 8 in Dodging
  6227 | D:8      | Reached skill level 11 in Stealth
  6229 | D:8      | HP: 8/46 [wight/+0 halberd (11)]
  6239 | D:8      | Reached **** piety under Uskayaw
  6328 | D:8      | Identified the +1 chain mail "Akkoonk" {Str+4 Int+2 Dex+3}
  6379 | D:8      | Found a sparkling altar of Nemelex Xobeh.
  6798 | D:8      | Reached skill level 10 in Short Blades
  6798 | D:8      | Reached skill level 9 in Dodging
  6798 | D:8      | Reached XP level 10. HP: 38/53 MP: 10/10
  6926 | D:8      | Reached skill level 12 in Stealth
  7078 | D:8      | You pick up a book of Armaments and begin reading...
  7078 | D:8      | You add the spells Stone Arrow and Animate Armour to your
                  | library.
  7382 | D:9      | Noticed a two-headed ogre
  7396 | D:9      | Killed a two-headed ogre
  7397 | D:9      | Reached skill level 10 in Dodging
  7517 | D:9      | Reached skill level 11 in Dodging
  7760 | D:9      | Found a stormy altar of Qazlal.
  7834 | D:9      | Found a staircase to the Lair.
  8082 | D:9      | Reached skill level 12 in Dodging
  8243 | D:10     | Entered Level 10 of the Dungeon
  8278 | D:10     | Identified the +1 ring mail "Plog" {rF+ Regen+ Dex-4}
  8396 | D:10     | Noticed a manticore
  8398 | D:10     | Killed a manticore
  8407 | D:10     | Noticed a gargoyle
  8435 | D:10     | Killed a gargoyle
  8436 | D:10     | Reached skill level 13 in Dodging
  8500 | D:10     | Reached XP level 11. HP: 57/57 MP: 11/11
  8504 | D:10     | Reached skill level 1 in Invocations
  8507 | D:10     | Reached ***** piety under Uskayaw
  8509 | D:10     | Reached skill level 1 in Armour
  8550 | D:10     | Noticed Lodul
  8562 | D:10     | Killed Lodul
  8563 | D:10     | Reached skill level 2 in Invocations
  8853 | D:10     | Reached skill level 2 in Armour
  8856 | D:10     | Reached skill level 3 in Invocations
  9020 | D:11     | Noticed a manticore
  9034 | D:11     | Killed a manticore
  9182 | D:11     | Reached skill level 11 in Short Blades
  9188 | D:11     | Reached skill level 13 in Stealth
  9207 | D:11     | Reached skill level 4 in Invocations
  9207 | D:11     | Reached ****** piety under Uskayaw
  9381 | D:11     | Found a staircase to the Orcish Mines.
  9642 | D:11     | Noticed a boulder beetle
  9645 | D:11     | Killed a boulder beetle
  9646 | D:11     | Reached skill level 14 in Dodging
  9826 | D:4      | Bought a +6 ring of dexterity for 504 gold pieces
  9842 | D:4      | Bought a +0 rapier for 40 gold pieces
  9842 | D:4      | Bought a scroll of summoning for 95 gold pieces
  9907 | D:4      | Killed Pikel
  9908 | D:4      | Reached skill level 5 in Invocations
  9908 | D:4      | Reached XP level 12. HP: 54/62 MP: 10/15
 10028 | Lair:1   | Entered Level 1 of the Lair of Beasts
 10166 | Lair:1   | Reached skill level 12 in Short Blades
 10185 | Lair:1   | Noticed a boulder beetle
 10188 | Lair:1   | Killed a boulder beetle
 10189 | Lair:1   | Reached skill level 14 in Stealth
 10247 | Lair:1   | Found a gate leading to a gauntlet.
 10253 | Gauntlet | Entered a Gauntlet
 10253 | Gauntlet | Found a transporter.
 10254 | Gauntlet | a dream sheep changed into a death drake
 10254 | Gauntlet | Noticed a death drake (shapeshifter)
 10263 | Gauntlet | Found a transporter.
 10277 | Gauntlet | Found a transporter.
 10277 | Gauntlet | Noticed a catoblepas
 10279 | Gauntlet | Noticed a blizzard demon
 10292 | Gauntlet | Found a transporter.
 10308 | Gauntlet | Found a transporter.
 10316 | Gauntlet | Found a transporter.
 10331 | Gauntlet | Noticed a glowing orange brain
 10331 | Gauntlet | Noticed a glowing orange brain
 10340 | Gauntlet | Found a transporter.
 10349 | Gauntlet | Found a transporter.
 10359 | Gauntlet | Found a transporter.
 10374 | Gauntlet | Found a transporter.
 10384 | Gauntlet | Found a runed translucent door.
 10384 | Gauntlet | Noticed a dire elephant
 10398 | Gauntlet | Found a transporter.
 10408 | Gauntlet | Found a runed translucent door.
 10416 | Gauntlet | Found a transporter.
 10427 | Gauntlet | Found a transporter.
 10584 | Gauntlet | Noticed an entropy weaver
 10761 | Lair:1   | Reached skill level 6 in Invocations
 10934 | Lair:1   | Noticed Gastronok
 10937 | Lair:1   | Killed Gastronok
 11655 | Lair:2   | Noticed a boulder beetle
 11659 | Lair:2   | Killed a boulder beetle
 12191 | Lair:2   | Found a staircase to the Shoals.
 12352 | Lair:2   | Reached skill level 7 in Invocations
 12572 | Lair:3   | Noticed a four-headed hydra
 12574 | Lair:3   | Killed a four-headed hydra
 12575 | Lair:3   | Reached skill level 13 in Short Blades
 12575 | Lair:3   | Reached skill level 15 in Dodging
 12798 | Lair:3   | Found a staircase to the Snake Pit.
 12820 | Lair:3   | Reached skill level 15 in Stealth
 12960 | Lair:3   | Reached XP level 13. HP: 66/66 MP: 18/18
 13252 | Lair:3   | Identified a scroll of acquirement
 13253 | Lair:3   | Acquired a manual of Stealth
 13830 | Lair:4   | Reached skill level 8 in Invocations
 13964 | Lair:4   | Reached skill level 16 in Stealth
 14034 | Lair:4   | You fall into a shaft and drop 1 floor!
 14034 | Lair:5   | Entered Level 5 of the Lair of Beasts
 14034 | Lair:5   | Found a large runed translucent door.
 14034 | Lair:5   | Found a large runed translucent door.
 14044 | Lair:5   | Noticed a five-headed hydra
 14054 | Lair:5   | Killed a five-headed hydra
 14055 | Lair:5   | Reached skill level 14 in Short Blades
 14066 | Lair:5   | Reached skill level 9 in Invocations
 14080 | Lair:5   | Reached skill level 16 in Dodging
 14310 | Lair:5   | You add the spells Blink, Manifold Assault and Storm Form
                  | to your library.
 14425 | Lair:5   | Reached skill level 10 in Invocations
 14547 | Lair:5   | Identified the +3 mace "Panwusai" {flame, rPois Str+3}
 14759 | Lair:4   | Found a staircase to the Slime Pits.
 14760 | Lair:4   | Found a viscous altar of Jiyva.
 14884 | Lair:4   | Noticed an eight-headed hydra
 14889 | Lair:4   | Killed an eight-headed hydra
 15011 | Lair:4   | Noticed Rupert
 15014 | Lair:4   | Killed Rupert
 15015 | Lair:4   | Reached XP level 14. HP: 72/72 MP: 21/21
 15051 | Lair:4   | Reached skill level 17 in Dodging
 15621 | Lair:5   | Reached skill level 11 in Invocations
 15860 | Lair:5   | Identified the +6 long sword of Chaos {vorpal, rElec rN+
                  | Str+6}
 15886 | Lair:5   | Reached skill level 18 in Dodging
 16039 | Lair:5   | Reached skill level 3 in Fighting
 16910 | Lair:5   | Identified the +6 morningstar of Resourcefulness {vorpal,
                  | rElec rC+}
 17566 | D:12     | Reached skill level 3 in Shields
 17629 | D:12     | Reached skill level 3 in Armour
 17777 | D:12     | You add the spells Passwall, Dispel Undead, Statue Form and
                  | Infestation to your library.
 17777 | D:12     | Got the Folio of the Bloody Ground
 17916 | D:12     | Reached skill level 17 in Stealth
 18064 | D:12     | Reached skill level 4 in Fighting
 18366 | D:13     | Reached XP level 15. HP: 80/80 MP: 23/23
 18760 | D:13     | Noticed Nessos
 18763 | D:13     | Killed Nessos
 19053 | D:7      | Bought a manual of Invocations for 960 gold pieces
 19865 | D:14     | Noticed Roxanne
 19936 | D:14     | Reached skill level 4 in Armour
 19936 | D:14     | Reached skill level 4 in Shields
 19936 | D:14     | Reached skill level 12 in Invocations
 19939 | D:14     | Reached skill level 18 in Stealth
 20348 | D:14     | Found a gate to the Vaults.
 20850 | D:15     | Entered Level 15 of the Dungeon
 20893 | D:15     | Reached skill level 13 in Invocations
 21079 | D:15     | Reached skill level 19 in Dodging
 21079 | D:15     | Reached skill level 19 in Stealth
 21435 | D:15     | Found Vourilav's Jewellery Shoppe.
 21506 | D:15     | Noticed a sphinx
 21721 | Orc:1    | Entered Level 1 of the Orcish Mines
 21946 | Orc:1    | Reached skill level 14 in Invocations
 22085 | Orc:2    | Entered Level 2 of the Orcish Mines
 22242 | Orc:2    | Found a staircase to the Elven Halls.
 22344 | Orc:2    | Found Jiulugiwk's Magic Scroll Shop.
 22352 | Orc:2    | Reached skill level 20 in Stealth
 22359 | Orc:2    | Bought a scroll of enchant armour for 105 gold pieces
 22359 | Orc:2    | Bought a scroll of summoning for 133 gold pieces
 22359 | Orc:2    | Bought a scroll of enchant armour for 105 gold pieces
 22617 | Orc:2    | Found Plog's Book Emporium.
 22927 | Orc:2    | Noticed an orc warlord
 22937 | Orc:2    | Killed an orc warlord
 22938 | Orc:2    | Reached XP level 16. HP: 84/84 MP: 25/27
 23089 | Orc:2    | Reached skill level 15 in Invocations
 23322 | Orc:2    | Paralysed by an orc sorcerer for 2 turns
 23327 | Orc:2    | Found Wafial's Antique Weapon Shoppe.
 23327 | Orc:2    | Found Narobb's Antique Armour Emporium.
 23327 | Orc:2    | Noticed Saint Roka
 23652 | D:15     | Killed a sphinx
 23682 | D:15     | Got the Vellum of Outbursts
 23856 | D:15     | Found a staircase to the Depths.
 24173 | Snake:1  | Entered Level 1 of the Snake Pit
 24174 | Snake:1  | Identified a +0 robe of the Archmagi
 24247 | Snake:1  | Reached skill level 20 in Dodging
 24251 | Snake:1  | Reached skill level 16 in Invocations
 24268 | Snake:1  | You pick up a book of Beasts and begin reading...
 24268 | Snake:1  | You add the spells Summon Ice Beast, Summon Mana Viper and
                  | Monstrous Menagerie to your library.
 24293 | Snake:1  | You pick up a book of Winter and begin reading...
 24293 | Snake:1  | You add the spells Ozocubu's Armour, Metabolic Englaciation
                  | and Simulacrum to your library.
 24795 | Snake:1  | Reached skill level 21 in Stealth
 24927 | Snake:1  | Found Bietsiv's Assorted Antiques.
 24932 | Snake:1  | Found Kutywaur's Distillery.
 24936 | Snake:1  | Bought a potion of heal wounds for 65 gold pieces
 25066 | Snake:1  | Reached skill level 22 in Stealth
 25162 | Snake:1  | Found a transporter.
 25220 | Snake:1  | Reached skill level 23 in Stealth
 25422 | Snake:1  | Found a transporter.
 25647 | Snake:1  | Identified the ring "Nilypsos" {rF+ rC+}
 25914 | Snake:2  | Reached skill level 17 in Invocations
 25917 | Snake:2  | You pick up a book of the Earth and begin reading...
 25917 | Snake:2  | You add the spells Leda's Liquefaction and Lee's Rapid
                  | Deconstruction to your library.
 26180 | Snake:2  | Noticed Louise
 26187 | Snake:2  | Killed Louise
 26352 | Snake:2  | Could not pick up a +0 triple sword {longrare=g} here;
                  | ([A]lways) ignore it?
 26408 | Snake:2  | Reached skill level 18 in Invocations
 26643 | Snake:2  | Reached XP level 17. HP: 88/88 MP: 23/30
 26795 | Snake:2  | Identified the +9 plate armour "Atorr" {rC+}
 26797 | Snake:2  | Reached skill level 19 in Invocations
 27089 | Snake:3  | Reached skill level 5 in Fighting
 27412 | Snake:3  | You pick up a book of Callings and begin reading...
 27412 | Snake:3  | You add the spells Summon Small Mammal, Call Canine
                  | Familiar and Summon Guardian Golem to your library.
 27443 | Snake:3  | Reached skill level 6 in Fighting
 27481 | Snake:3  | You pick up a book of the Warp and begin reading...
 27481 | Snake:3  | You add the spells Dispersal and Disjunction to your
                  | library.
 27979 | Snake:3  | Reached skill level 7 in Fighting
 28150 | Snake:4  | Entered Level 4 of the Snake Pit
 28543 | D:4      | Bought a shimmering scimitar for 225 gold pieces
 28543 | D:4      | Identified the +7 scimitar of Indignation {flame, *Corrode
                  | rElec rN+} (You bought it in a shop on level 4 of the
                  | Dungeon)
 28899 | Orc:2    | Killed Saint Roka
 28900 | Orc:2    | Reached skill level 21 in Dodging
 29039 | Orc:1    | Found a radiant altar of Vehumet.
 29079 | Orc:1    | Noticed Snorg
 29082 | Orc:1    | Killed Snorg
 29083 | Orc:1    | Reached skill level 8 in Fighting
 29693 | Snake:4  | Found a transporter.
 29697 | Snake:4  | Found a transporter.
 29703 | Snake:4  | Found a transporter.
 29705 | Snake:4  | Found a transporter.
 29768 | Snake:4  | Noticed Aizul
 29779 | Snake:4  | HP: 21/99 [naga mage/bolt of poison (17)]
 29784 | Snake:4  | HP: 19/99 [poisoned by a naga sharpshooter (splash of
                  | poison)]
 29786 | Snake:4  | Killed from afar by Aizul

Vanquished Creatures
  Saint Roka (Orc:2)
  Rupert (Lair:4)
  Gastronok (Lair:1)
  A sphinx (D:15)
  A nagaraja (Snake:4)
  Louise (Snake:2)
  2 orc warlords (Orc:2)
  Nessos (D:13)
  Snorg (Orc:1)
  2 fire dragons
  An ice dragon (D:15)
  7 hydras
  A catoblepas (D:14)
  An ogre mage (D:14)
  3 centaur warriors
  7 anacondas
  5 two-headed ogres
  7 naga warriors
  7 boulder beetles
  An orc high priest (Orc:2)
  7 shock serpents
  6 naga sharpshooters
  6 salamander mystics
  Lodul (D:10)
  A fire crab (Lair:5)
  5 naga ritualists
  2 lindwurms (Lair:5)
  Pikel (D:4)
  5 orc knights
  2 deep elf pyromancers
  12 mana vipers
  5 orc sorcerers
  15 ugly things
  5 manticores
  9 salamanders
  A manticore (shapeshifter) (D:15)
  2 cyclopes
  2 guardian serpents
  13 elephants
  15 naga magi
  12 cane toads
  2 molten gargoyles (Lair:5)
  30 black mambas
  A torpor snail (Lair:1)
  A gargoyle (D:10)
  An unseen horror (D:12)
  9 komodo dragons
  3 rime drakes
  2 tengu conjurers (D:13)
  3 trolls
  2 polar bears
  A polar bear (shapeshifter) (D:14)
  11 slime creatures
  A snapping turtle (Lair:2)
  A wraith (D:11)
  A vampire (D:9)
  8 wyverns
  6 basilisks
  55 yaks
  5 steam dragons
  21 vampire mosquitoes
  4 wargs
  42 nagas
  An acid dragon (D:12)
  2 hell hounds (Lair:5)
  11 water moccasins
  2 ice beasts
  3 sky beasts
  2 black bears
  40 orc warriors
  6 wolves (Lair:1)
  13 ogres
  6 centaurs
  2 lemures (D:4)
  A phantom (D:4)
  Blork the orc (D:4)
  9 bullfrogs
  2 kobold brigands
  2 gnoll sergeants (D:12)
  3 necrophages (D:5)
  4 scorpions
  4 wights (D:8)
  4 howler monkeys
  3 lava snakes (Lair:5)
  2 hounds
  3 jellies (D:5)
  28 orc priests
  A gnoll bouda (Orc:1)
  7 hell rats (Lair:5)
  3 iguanas
  21 orc wizards
  15 gnolls
  7 adders
  2 shadow imps
  2 white imps
  A dart slug (D:4)
  120 orcs
  9 endoplasms
  A giant cockroach (D:3)
  4 goblins
  6 hobgoblins
  2 quokkas (D:1)
  5 ball pythons
  7 bats
  A frilled lizard (D:1)
  16 kobolds
  9 rats
782 creatures vanquished.

Vanquished Creatures (collateral kills)
  A wyvern (Lair:5)
  A basilisk (Lair:5)
  3 hell hounds (Lair:5)
  2 lava snakes (Lair:5)
7 creatures vanquished.

Vanquished Creatures (others)
  2 orc wizards (Orc:2)
  3 orcs
  13 fungi
  20 plants
38 creatures vanquished.

Grand Total: 827 creatures vanquished

Table legend:
 A = Non-vault XP
 B = Vault XP
 C = Vault XP percentage of total XP
 D = Non-vault monster count
 E = Vault monster count
 F = Vault count percentage of total count
                 A         B        C        D         E       F
            +---------+---------+-------+---------+---------+-------
      Total |  147997 |   43851 |  22.9 |     594 |     194 |  24.6
            +---------+---------+-------+---------+---------+-------
        D:1 |      37 |       0 |   0.0 |      24 |       0 |   0.0
        D:2 |      58 |       0 |   0.0 |      15 |       0 |   0.0
        D:3 |     152 |      13 |   7.9 |      17 |       1 |   5.6
        D:4 |     332 |     765 |  69.7 |      12 |       4 |  25.0
        D:5 |     555 |       0 |   0.0 |      13 |       0 |   0.0
        D:6 |     412 |       0 |   0.0 |       5 |       0 |   0.0
        D:7 |    1177 |       0 |   0.0 |      19 |       0 |   0.0
        D:8 |    1671 |       0 |   0.0 |      25 |       0 |   0.0
        D:9 |    1596 |     424 |  21.0 |      17 |       4 |  19.0
       D:10 |    2093 |    1702 |  44.8 |      16 |       9 |  36.0
       D:11 |    4956 |     814 |  14.1 |      27 |       1 |   3.6
       D:12 |    5413 |     700 |  11.5 |      24 |      20 |  45.5
       D:13 |    5453 |    1051 |  16.2 |      14 |       1 |   6.7
       D:14 |    9116 |    2502 |  21.5 |      23 |       3 |  11.5
       D:15 |    8447 |    4773 |  36.1 |      19 |       6 |  24.0
     Lair:1 |    5436 |    1461 |  21.2 |      24 |       1 |   4.0
     Lair:2 |    1910 |     241 |  11.2 |       5 |       1 |  16.7
     Lair:3 |    3155 |     323 |   9.3 |      10 |       2 |  16.7
     Lair:4 |    4820 |    4855 |  50.2 |      13 |       9 |  40.9
     Lair:5 |   18180 |    7803 |  30.0 |      57 |      29 |  33.7
    Snake:1 |   19991 |    3617 |  15.3 |      38 |       6 |  13.6
    Snake:2 |   15073 |    1223 |   7.5 |      32 |       1 |   3.0
    Snake:3 |   20967 |       0 |   0.0 |      51 |       0 |   0.0
    Snake:4 |    7203 |       0 |   0.0 |      12 |       0 |   0.0
      Orc:1 |    4759 |    1080 |  18.5 |      38 |      10 |  20.8
      Orc:2 |    5035 |   10504 |  67.6 |      44 |      86 |  66.2
            +---------+---------+-------+---------+---------+-------

Illustrated notes

Table legend:
 A = Kills in this place as a percentage of kills in entire the game.
 B = Kills by you in this place as a percentage of kills by you in the entire game.
 C = Kills by friends in this place as a percentage of kills by friends in the entire game.
 D = Other kills in this place as a percentage of other kills in the entire game.
 E = Experience gained in this place as a percentage of experience gained in the entire game.
 F = Experience gained in this place divided by the number of levels of this place that you have seen.
                   A       B       C       D       E      F
               +-------+-------+-------+-------+-------+----------------------
         Total | 100.0 | 100.0 | 100.0 | 100.0 | 100.0 | 6851.7
       Dungeon |  40.5 |  41.0 |   0.0 |   0.0 |  28.3 | 3614.1
          Lair |  19.2 |  18.4 | 100.0 |  33.3 |  25.1 | 9636.8
     Snake Pit |  17.8 |  17.9 |   0.0 |  33.3 |  35.5 | 17018.5
  Orcish Mines |  22.6 |  22.8 |   0.0 |  33.3 |  11.1 | 10689.0
               +-------+-------+-------+-------+-------+----------------------

Table legend: (Time is in decaauts)
 A = Elapsed time spent in this place.
 B = Non-inter-level travel time spent in this place.
 C = Inter-level travel time spent in this place.
 D = Time resting spent in this place.
 E = Time spent auto-exploring this place.
 F = Levels seen in this place.
 G = Mean time per level.
                   A        B        C        D        E       F      G
               +--------+--------+--------+--------+--------+-----+--------+
         Total |  29065 |  26036 |   3029 |   2373 |  19593 |  28 | 1038.0 |
       Dungeon |  15260 |  13143 |   2117 |    612 |  10535 |  15 | 1017.3 |
        Temple |     31 |     22 |      9 |      0 |      0 |   1 |   31.0 |
          Lair |   6865 |   6365 |    500 |    902 |   4634 |   5 | 1373.0 |
     Snake Pit |   4292 |   4095 |    197 |    650 |   2808 |   4 | 1073.0 |
  Orcish Mines |   2279 |   2076 |    203 |    209 |   1318 |   2 | 1139.5 |
      Gauntlet |    335 |    335 |      0 |      0 |    296 |   1 |  335.0 |
               +--------+--------+--------+--------+--------+-----+--------+

Top non-repeatable levels by time:
  Lair:5: 2097 daAuts
 Snake:1: 1735 daAuts
   Orc:2: 1430 daAuts
     D:4: 1303 daAuts
    D:13: 1297 daAuts
  Lair:2: 1274 daAuts
    D:14: 1231 daAuts
 Snake:3: 1218 daAuts
     D:7: 1218 daAuts
  Lair:4: 1214 daAuts
  Lair:3: 1170 daAuts
    D:11: 1140 daAuts
  Lair:1: 1108 daAuts
     D:9: 1079 daAuts
     D:8: 1059 daAuts
